 Dungeon Crawl Stone Soup version 0.14-a0-1626-g054e7ae (webtiles) character file.

135 M4edhros the Digger (level 4, -9/27 HPs)
             Began as an Octopode Earth Elementalist on Dec 25, 2013.
             Killed from afar by Grinder (13 damage)
             ... with a wand of frost
             ... on Level 3 of the Dungeon.
             The game lasted 00:03:33 (2380 turns).

M4edhros the Digger (Octopode Earth Elementalist)   Turns: 2380, Time: 00:03:33

HP  -9/27        AC  1     Str  7      XL: 4   Next: 48%
MP   6/8         EV 12     Int 18      God:
Gold 50          SH  0     Dex 11 (12) Spells:  1 memorised,  7 levels left

rFire  . . .     SeeInvis .     (no weapon)
rCold  . . .     Clarity  .     (no shield)
rNeg   . . .     Conserve .     (helmet restricted)
rPois  .         rCorr    +     i - amulet of resist corrosion
rElec  .         rRot     .     (no ring)
SustAb . .       Spirit   .     (no ring)
rMut   .         Warding  .     (no ring)
Saprov . . .     Stasis   .     (no ring)
                                (no ring)
                                (no ring)
                                (no ring)
                                (no ring)

@: slightly resistant to hostile enchantments, quite stealthy
A: almost no armour, amphibious, 8 rings, constrict 8, camouflage 1, gelatinous
body 1
a: no special abilities


You were on level 3 of the Dungeon.
You were near starving.

You visited 1 branch of the dungeon, and saw 3 of its levels.

You collected 50 gold pieces.

Inventory:

Missiles
 b - 20 stones (quivered)
 m - 20 darts
 p - 62 bolts
 t - 15 sling bullets
Comestibles
 a - 2 bread rations
 h - a slice of pizza
 l - an apple
 q - a meat ration
Scrolls
 c - a scroll of remove curse {unknown}
 f - 2 scrolls of fear
 g - a scroll of recharging {unknown}
 k - 2 scrolls of fog {unknown}
 n - 2 scrolls of amnesia {unknown}
 o - a scroll of immolation {unknown}
 s - a scroll of enchant armour {unknown}
 u - 3 scrolls of enchant weapon II {unknown}
Jewellery
 i - an amulet of resist corrosion (around mantle)
 j - an uncursed amulet of guardian spirit
Books
 d - a book of Geomancy

   Spells                             Type                      Level
   *Sandblast                         Earth                        1
   Stoneskin                          Transmutation/Earth          2
   Passwall                           Transmutation/Earth          3
   Stone Arrow                        Conjuration/Earth            3
   Petrify                            Transmutation/Earth          4
   Lee's Rapid Deconstruction         Earth                        5


   Skills:
 - Level 2.0 Dodging
 - Level 2.6 Stealth
 + Level 2.9 Spellcasting
   Level 1.0 Transmutations
 * Level 4.5 Earth Magic


You had 7 spell levels left.
You knew the following spells:

 Your Spells              Type           Power        Failure   Level  Hunger
a - Sandblast             Erth           ###...       2%          1    None


Dungeon Overview and Level Annotations

Branches:
Dungeon (3/16)

Altars:

Annotations:
D:3 Grinder


Innate Abilities, Weirdness & Mutations

You cannot wear most types of armour.
You are amphibious.
You can wear up to eight rings at the same time.
You can use your tentacles to constrict many enemies at once.
Your skin changes colour to match your surroundings (Stlth).
Your rubbery body absorbs attacks (AC +1).


Message History

* * * LOW HITPOINT WARNING * * *
You writhe in agony.
* * * LOW HITPOINT WARNING * * *
You can move again.
Unknown command.
Unknown command.
Unknown command.
You closely miss Grinder. You grab Grinder.
Grinder is lightly wounded.
You constrict Grinder. Grinder gestures at you. You resist.
Unknown command.
Unknown command.
Unknown command.
You hit Grinder but do no damage.
Grinder is lightly wounded.
You constrict Grinder, but do no damage.
Grinder zaps a wand.
The puff of frost hits you!
You die...

.........'....#...........
.........####............#
.........# ###..........#
#........# #..........#
#.≈≈≈♣P..## #..........#
P≈≈≈≈≈≈♣..### #..........#
≈≈≈≈≈≈≈P...# #..........#
≈≈≈≈P≈≈≈♣..# ##..########
.......5@..# ##.#####
≈≈≈PP≈≈≈≈..# #......####
♣≈≈≈PP≈≈### #......'...
♣P≈≈P≈♣+. #......####
.♣≈≈♣♣ # +......# # ...
#......# . #......#
#..)...# #......#


You could see Grinder.

Vanquished Creatures
  Ijyb (D:3)
  3 adders (D:2)
  2 worms
  6 bats
  A giant cockroach (D:3)
  5 goblins
  A hobgoblin (D:1)
  7 kobolds
  An ooze (D:2)
  A quokka (D:2)
  A giant newt (D:2)
  3 rats (D:2)
32 creatures vanquished.

Notes
Turn   | Place    | Note
--------------------------------------------------------------
     0 | D:1      | M4edhros, the Octopode Earth Elementalist, began the quest for the Orb.
     0 | D:1      | Reached XP level 1. HP: 11/11 MP: 3/3
   185 | D:1      | Reached XP level 2. HP: 9/17 MP: 4/4
   736 | D:2      | Reached XP level 3. HP: 4/21 MP: 3/6
  1450 | D:2      | Reached skill level 4 in Earth Magic
  1923 | D:2      | Reached XP level 4. HP: 16/27 MP: 8/8
  2028 | D:3      | Noticed Ijyb
  2041 | D:3      | Killed Ijyb
  2367 | D:3      | Noticed Grinder
  2377 | D:3      | Paralysed by Grinder for 2 turns
  2380 | D:3      | Killed from afar by Grinder

Action                   |  1- 3 |  4- 6 || total
-------------------------+-------+-------++-------
Melee: Unarmed           |    69 |    14 ||    83
 Cast: Sandblast         |    11 |    15 ||    26
  Use: Potion            |     2 |     2 ||     4
       Scroll            |       |     5 ||     5
 Stab: Sleeping          |     3 |     1 ||     4
